 Dungeon Crawl Stone Soup version 0.31.0-9-g3a7656b989 (console) character file.

Game seed: 14375969016937844330

88 AlterAsc the Ruffian (level 4, -6/28 HPs)
             Began as an Octopode Shapeshifter on Jan 25, 2024.
             Mangled by an ogre
             ... wielding a +0 giant spiked club
              (34 damage)
             ... on level 4 of the Dungeon.
             The game lasted 00:03:57 (2745 turns).

AlterAsc the Ruffian (Octopode Shapeshifter)        Turns: 2745, Time: 00:03:58

Health: -6/28      AC:  1    Str: 15    XL:     4   Next: 54%
Magic:  13/13      EV: 13    Int: 18    God:
Gold:   171        SH:  0    Dex: 11    Spells: 3/3 levels left

rFire   . .          .
                       - Unarmed
rCold   . . .        (no shield)
rNeg    . . .        (helmet currently unavailable)
rPois   .            (no amulet)
rElec   .            j - ring of see invisible
rCorr   +            l - +6 ring of intelligence
SInv    +            n - ring of resist corrosion
Will    .....        r - ring of magical power
Stlth   ++           (no ring)
HPRegen 0.24/turn    (no ring)
MPRegen 0.13/turn    (no ring)
                     (no ring)

%: no passive effects
@: beast-form
A: beast (slay +1), almost no armour, amphibious, 8 rings, camouflage 1,
gelatinous body 1, (nimble swimmer 1), tentacles
a: Begin Untransformation


You were on level 4 of the Dungeon.
You were a hulking beast.
You visited 1 branch of the dungeon, and saw 4 of its levels.

You collected 171 gold pieces.

Inventory:

Missiles
 g - 4 datura-tipped darts (quivered)
 h - 16 stones
 o - 7 poisoned darts
Jewellery
 j - a ring of see invisible (left tentacle)
 l - a +6 ring of intelligence (right tentacle)
 n - a ring of resist corrosion (on tentacle)
 r - a ring of magical power (on tentacle)
Talismans
 b - a beast talisman
 c - a flux talisman
 u - a talisman of death
 w - a maw talisman
Scrolls
 e - 3 scrolls of identify {unknown}
 i - a scroll of blinking {unknown}
 k - a scroll of revelation {unknown}
 q - a scroll of noise {unknown}
 s - 2 scrolls of amnesia {unknown}
 t - 3 scrolls of fog {unknown}
Potions
 a - 3 potions of lignification
 d - 2 potions of magic {unknown}
 f - a potion of degeneration {unknown}
 m - a potion of curing {unknown}
 p - a potion of attraction {unknown}
 v - a potion of berserk rage {unknown}


   Skills:
 - Level 1.0 Fighting
 - Level 2.0 Dodging
 + Level 5.2 Unarmed Combat
 - Level 3.0 Shapeshifting


You had 3 spell levels left.
You didn't know any spells.
Your spell library contained the following spells:

 Spells                   Type           Power      Damage    Failure   Level
 Ignite Poison            Fire/Alch      0%         N/A       91%         4
 Sticky Flame             Fire/Alch      0%         2d4       91%         4
 Ignition                 Fire           0%         3d3       100%        8


Dungeon Overview and Level Annotations

Branches:
Dungeon (4/15)
 Temple: D:4-7

Altars:
Dithmenos
Ru

Annotations:
D:3 2 runed translucent doors, H0rd4k's ghost, amateur HuAr


Innate Abilities, Weirdness & Mutations

You are a hulking beast.
Your limbs bulge with bestial killing power. (Slay +1)
You cannot wear most types of armour.
You are amphibious.
You can wear up to eight rings at the same time.
Your skin changes colour to match your surroundings (Stealth+).
Your rubbery body absorbs attacks. (AC +1, EV +1)
((You are camouflaged when in or above water. (Stealth+)))
You have tentacles for arms and can constrict up to eight enemies at once.


Message History

There is a stone staircase leading down here.
You see here a maw talisman.
w - a maw talisman
There is an escape hatch in the ceiling here.
An orc comes into view. It is wielding a +0 club.
Throw: 10 darts (poison)
Press: ? - help, Shift-Dir - straight line, f - ogre
Aim: an ogre, wielding a +0 giant spiked club (wandering, hasn't noticed you, 70% to hit)
You throw a poisoned dart. The poisoned dart hits the ogre.
The ogre is poisoned.
The ogre shouts!
A quokka comes into view.
There is an escape hatch in the ceiling here.
You bludgeon the quokka!
You kill the quokka!
Throw: 9 darts (poison)
Press: ? - help, Shift-Dir - straight line, f/p - ogre
Aim: an ogre, wielding a +0 giant spiked club (lightly wounded, poisoned, 71% to hit)
You throw a poisoned dart.
The poisoned dart barely misses the ogre.
Throw: 8 darts (poison)
Press: ? - help, Shift-Dir - straight line, f/p - ogre
Aim: an ogre, wielding a +0 giant spiked club (lightly wounded, poisoned, 71% to hit)
You throw a poisoned dart. The poisoned dart hits the ogre.
The ogre is lightly wounded.
Throw: 6 darts (datura)
Press: ? - help, Q - select action, (/) - cycle Shift-Dir - straight line, f/p - ogre
Aim: an ogre, wielding a +0 giant spiked club (lightly wounded, poisoned, 71% to hit, chance to frenzy on hit: 27%)
You throw a datura-tipped dart.
The datura-tipped dart closely misses the ogre.
The ogre looks more healthy.
Throw: 5 darts (datura)
Press: ? - help, Q - select action, (/) - cycle Shift-Dir - straight line, f/p - ogre
Aim: an ogre, wielding a +0 giant spiked club (lightly wounded, 71% to hit, chance to frenzy on hit: 27%)
You throw a datura-tipped dart.
The datura-tipped dart barely misses the ogre.
You tentacle-slap the ogre.
The ogre is moderately wounded.
The ogre hits you with a +0 giant spiked club!!
Ouch! That really hurt!
You die...

# ... .## .. ..#
..(# ... #.#
#.... .... #.#
#...# ....####.#
#...#
#...#...#####.(.#
#.........((...#
#.....†hO..##...#
##.###...#..#
#....# .##..
#..##.## #.....
....###..##..#
#...#
#..#..###..# #..#
#....###..# o.#
### #.....##...
.# ###.#
##.###.......
#...####..#
##.....
###..##..##
#..... ##..#..#
...


You could see an ogre.

Vanquished Creatures
  2 adders
  2 dart slugs (D:1)
  2 ribbon worms (D:2)
  10 orcs
  6 endoplasms
  A giant cockroach (D:1)
  7 hobgoblins
  3 quokkas
  3 ball pythons (D:1)
  2 bats (D:2)
  3 frilled lizards (D:1)
  2 goblins
  4 kobolds
  3 rats
50 creatures vanquished.

Notes
Turn   | Place    | Note
-------+----------+-------------------------------------------
     0 | D:1      | AlterAsc the Octopode Shapeshifter began the quest for the
                  | Orb.
     0 | D:1      | Reached XP level 1. HP: 13/13 MP: 1/1
   141 | D:1      | Reached XP level 2. HP: 18/18 MP: 2/2
   562 | D:1      | Reached skill level 4 in Unarmed Combat
   936 | D:1      | Found a faded altar of an unknown god.
  1029 | D:2      | Reached XP level 3. HP: 23/23 MP: 3/3
  1363 | D:2      | Identified the +8 trident "Niepob" {antimagic, rCorr Int+2
                  | Dex+4 SInv}
  1789 | D:3      | Found a shadowy altar of Dithmenos.
  1982 | D:3      | Reached XP level 4. HP: 22/28 MP: 4/4
  2022 | D:3      | Found a runed translucent door.
  2025 | D:3      | Noticed a bullfrog
  2114 | D:3      | Reached skill level 5 in Unarmed Combat
  2131 | D:3      | Found a runed translucent door.
  2179 | D:3      | Noticed H0rd4k's ghost (amateur HuAr)
  2229 | D:3      | Found a sacrificial altar of Ru.
  2668 | D:4      | Noticed an ogre
  2745 | D:4      | Mangled by an ogre

Illustrated notes

Levels and vault maps discovered:
D:1:      elethiomel_arrival_shortcut, layout_basic,
          dilly_ecumenical_altar_fadedgnrine
D:2:      layout_basic
D:3:      layout_loops_ring, nicolae_dithmenos_shadow_blocks,
          hangedman_ru_absence, ebering_ghost_sewer_f
D:4:      layout_layer_cave, minmay_misc_feat_pillars, uniq_edmund

Skill      XL: |  1  2  3  4 |
---------------+-------------+-----
Unarmed Combat | 4 5 |  5.2
Fighting       | |  1.0
Dodging        | |  2.0
Shapeshifting  | |  3.0

Action                     |  1- 3 |  4- 6 || total
---------------------------+-------+-------++-------
  Melee: Unarmed           |    62 |    25 ||    87
         Constrict         |    17 |     6 ||    23
         Tentacles         |    16 |     6 ||    22
         Punch             |     1 |       ||     1
  Throw: Dart              |     2 |     5 ||     7
   Stab: Sleeping          |     6 |       ||     6
 Armour: Skin              |    19 |    13 ||    32
  Dodge: Dodged            |    21 |     7 ||    28
